EVO
VANDERBILT UNIVERSITY COMMODORES @ UNIVERSITY OF TORONTO MARLIES
08/09/2044
 
TOP OF THE 1ST
Vanderbilt University Commodores batting - Pitching for University of Toronto Marlies : RHP Jake Tankersley
Pitching: RHP Jake Tankersley
Batting: RHB Ben Politi 0-0: Called Strike
0-1: Fly out, F9 (Flyball, 9D, EV 87.5 MPH)
Batting: RHB Jeremy Harden 0-0: SINGLE (Line Drive, 5L, EV 106.2 MPH)
Batting: RHB Chris Maul 0-0: Called Strike
0-1: Swinging Strike
0-2: Ball
1-2: Fly out, F8 (Flyball, 8LD, EV 98.8 MPH)
Batting: RHB Jonathan Mendoza 0-0: Ball
1-0: Fly out, F9 (Flyball, 9, EV 88.1 MPH)
Top of the 1st over - 0 runs, 1 hit, 0 errors, 1 left on base; Vanderbilt University 0 - University of Toronto 0
BOTTOM OF THE 1ST
University of Toronto Marlies batting - Pitching for Vanderbilt University Commodores : RHP Johnathan Johnson
Pitching: RHP Johnathan Johnson
Batting: LHB Jonathan Roman 0-0: Ball
1-0: Called Strike
1-1: Foul Ball, location: 2F
1-2: Foul Ball, location: 2F
1-2: Ball
2-2: Fly out, F9 (Line Drive, 89M, EV 95.6 MPH)
Batting: RHB Rich Thurman 0-0: Ball
1-0: Ball
2-0: Swinging Strike
2-1: Ball
3-1: Ground out 3-1 (Groundball, 34, EV 104.4 MPH)
Batting: LHB Jonathon Walton 0-0: Fly out, F6 (Flyball, 6D, EV 88.1 MPH)
Bottom of the 1st over - 0 runs, 0 hits, 0 errors, 0 left on base; Vanderbilt University 0 - University of Toronto 0
TOP OF THE 2ND
Vanderbilt University Commodores batting - Pitching for University of Toronto Marlies : RHP Jake Tankersley
Batting: LHB Jeremy Robertson 0-0: Ball
1-0: Called Strike
1-1: Foul Ball, location: 2F
1-2: Ball
2-2: Fly out, F7 (Flyball, 7, EV 83.8 MPH)
Batting: RHB Mario Lopez 0-0: Ball
1-0: Ball
2-0: Called Strike
2-1: SOLO HOME RUN (Flyball, 7D, EV 98.1 MPH), Distance : 398 ft
Batting: RHB Chris Bohm 0-0: Foul Ball, location: 2F
0-1: DOUBLE (Groundball, 3L, EV 108.8 MPH)
Batting: RHB D.J. Cooke 0-0: Ball
1-0: Ball
2-0: Called Strike
2-1: Ball
3-1: Base on Balls
Batting: RHB Vicente Guillen 0-0: Ball
1-0: Fly out, F4 (Popup, 13S, EV 85.6 MPH)
Batting: RHB Ben Politi 0-0: Ball
1-0: Called Strike
1-1: Ball
Wild Pitch!
Chris Bohm to third
D.J. Cooke to second
2-1: Ball
3-1: Fly out, F7 (Line Drive, 7D, EV 93.1 MPH)
Top of the 2nd over - 1 run, 2 hits, 0 errors, 2 left on base; Vanderbilt University 1 - University of Toronto 0
BOTTOM OF THE 2ND
University of Toronto Marlies batting - Pitching for Vanderbilt University Commodores : RHP Johnathan Johnson
Batting: RHB Elijah Hunter 0-0: Called Strike
0-1: Ball
1-1: Foul Ball, location: 2F
1-2: Ball
2-2: Ball
3-2: Ground out 6-3 (Groundball, 6S, EV 65.6 MPH)
Batting: RHB Masaru Konno 0-0: Called Strike
0-1: Ball
1-1: Foul Ball, location: 2F
1-2: Ball
2-2: Ball
3-2: Fly out, F9 (Flyball, 89XD, EV 82.5 MPH)
Batting: LHB Chris Williams 0-0: Foul Ball, location: 2F
0-1: Ball
1-1: Swinging Strike
1-2: Ball
2-2: Foul Ball, location: 2F
2-2: Foul Ball, location: 2F
2-2: Foul Ball, location: 2F
2-2: Fly out, F8 (Flyball, 78M, EV 78.1 MPH)
Bottom of the 2nd over - 0 runs, 0 hits, 0 errors, 0 left on base; Vanderbilt University 1 - University of Toronto 0
TOP OF THE 3RD
Vanderbilt University Commodores batting - Pitching for University of Toronto Marlies : RHP Jake Tankersley
Batting: RHB Jeremy Harden 0-0: Swinging Strike
0-1: Fly out, F8 (Line Drive, 8RD, EV 95.6 MPH)
Batting: RHB Chris Maul 0-0: Ground out 5-3 (Groundball, 56S, EV 73.8 MPH)
Batting: RHB Jonathan Mendoza 0-0: Called Strike
0-1: Ball
1-1: Swinging Strike
1-2: Fly out, F7 (Flyball, 78XD, EV 104.4 MPH)
Top of the 3rd over - 0 runs, 0 hits, 0 errors, 0 left on base; Vanderbilt University 1 - University of Toronto 0
BOTTOM OF THE 3RD
University of Toronto Marlies batting - Pitching for Vanderbilt University Commodores : RHP Johnathan Johnson
Batting: RHB Jose Argueta 0-0: Ball
1-0: Swinging Strike
1-1: Ball
2-1: SINGLE (Flyball, 4D, EV 91.2 MPH)
Batting: SHB Jim Lloyd 0-0: Called Strike
0-1: Foul Ball, location: 2F
0-2: Ball
1-2: 2-RUN HOME RUN (Flyball, 7D, EV 103.1 MPH), Distance : 411 ft
Batting: RHB Steve Terres 0-0: Ball
1-0: Swinging Strike
1-1: Foul Ball, location: 2F
1-2: Ground out 4-3 (Groundball, 4, EV 101.9 MPH)
Batting: LHB Jonathan Roman 0-0: Ball
1-0: Foul Ball, location: 2F
1-1: Ball
2-1: Ball
3-1: Foul Ball, location: 2F
3-2: Base on Balls
Batting: RHB Rich Thurman 0-0: Ball
1-0: Ball
2-0: Called Strike
2-1: Foul Ball, location: 2F
2-2: Foul Ball, location: 2F
2-2: Foul Ball, location: 2F
2-2: Ball
Jonathan Roman is caught stealing 2nd base 2-4
3-2: SINGLE (Groundball, 25, EV 69.4 MPH) (infield hit)
Batting: LHB Jonathon Walton 0-0: Ball
1-0: SINGLE (Groundball, 34S, EV 73.8 MPH) (infield hit)
Rich Thurman to second
Batting: RHB Elijah Hunter 0-0: Ball
1-0: Ball
2-0: Foul Ball, location: 2F
2-1: Fielders Choice at 2nd, 6-4 (Groundball, 56, EV 89.4 MPH)
Bottom of the 3rd over - 2 runs, 4 hits, 0 errors, 2 left on base; Vanderbilt University 1 - University of Toronto 2
TOP OF THE 4TH
Vanderbilt University Commodores batting - Pitching for University of Toronto Marlies : RHP Jake Tankersley
Batting: LHB Jeremy Robertson 0-0: Fly out, F8 (Flyball, 8LD, EV 88.8 MPH)
Batting: RHB Mario Lopez 0-0: Called Strike
0-1: Ball
1-1: Ball
2-1: Ball
3-1: Fly out, F9 (Flyball, 9LM, EV 95.6 MPH)
Batting: RHB Chris Bohm 0-0: Ground out 4-3 (Groundball, 34, EV 87.5 MPH)
Top of the 4th over - 0 runs, 0 hits, 0 errors, 0 left on base; Vanderbilt University 1 - University of Toronto 2
BOTTOM OF THE 4TH
University of Toronto Marlies batting - Pitching for Vanderbilt University Commodores : RHP Johnathan Johnson
Batting: RHB Masaru Konno 0-0: Ball
1-0: Foul Ball, location: 2F
1-1: Foul Ball, location: 2F
1-2: Foul Ball, location: 2F
1-2: SINGLE (Groundball, 6MS, EV 72.5 MPH) (infield hit)
Batting: LHB Chris Williams 0-0: Ball
1-0: Ball
2-0: Called Strike
2-1: Ball
3-1: Base on Balls
Masaru Konno to second
Batting: RHB Jose Argueta 0-0: Called Strike
0-1: 3-RUN HOME RUN (Flyball, 7D, EV 108.1 MPH), Distance : 419 ft
Pitching: RHP Eric Schafer
Batting: SHB Jim Lloyd 0-0: Ball
1-0: Foul Ball, location: 2F
1-1: Ball
2-1: Ball
3-1: Base on Balls
Batting: RHB Steve Terres 0-0: Ball
1-0: Called Strike
1-1: Ball
2-1: Ball
3-1: Fly out, F5 (Popup, 5SF, EV 70.0 MPH)
Batting: LHB Jonathan Roman 0-0: Fly out, F9 (Flyball, 9LS, EV 73.1 MPH)
Batting: RHB Rich Thurman 0-0: Ball
1-0: Ball
2-0: Called Strike
2-1: Fly out, F4 (Popup, 34D, EV 66.2 MPH)
Bottom of the 4th over - 3 runs, 2 hits, 0 errors, 1 left on base; Vanderbilt University 1 - University of Toronto 5
TOP OF THE 5TH
Vanderbilt University Commodores batting - Pitching for University of Toronto Marlies : RHP Jake Tankersley
Pitching: RHP Tony Cortez
Batting: RHB D.J. Cooke 0-0: Called Strike
0-1: Swinging Strike
0-2: Ball
1-2: Foul Ball, location: 2F
1-2: Ball
2-2: Ground out 5-3 (Groundball, 56, EV 90.6 MPH)
Batting: RHB Vicente Guillen 0-0: Swinging Strike
0-1: Ground out 6-3 (Groundball, 6, EV 77.5 MPH)
Batting: RHB Ben Politi 0-0: Swinging Strike
0-1: SINGLE (Groundball, 3D, EV 108.1 MPH)
Batting: RHB Jeremy Harden 0-0: Ball
1-0: Ball
2-0: 2-RUN HOME RUN (Flyball, 9LD, EV 95.6 MPH), Distance : 353 ft
Batting: RHB Chris Maul 0-0: Foul Ball, location: 2F
0-1: Called Strike
0-2: Ball
1-2: Foul Ball, location: 2F
1-2: Foul Ball, location: 2F
1-2: Strikes out swinging
Top of the 5th over - 2 runs, 2 hits, 0 errors, 0 left on base; Vanderbilt University 3 - University of Toronto 5
BOTTOM OF THE 5TH
University of Toronto Marlies batting - Pitching for Vanderbilt University Commodores : RHP Eric Schafer
Batting: LHB Jonathon Walton 0-0: Called Strike
0-1: Foul Ball, location: 2F
0-2: Hit by Pitch
Batting: RHB Elijah Hunter 0-0: Called Strike
0-1: Ball
1-1: Called Strike
1-2: Ball
2-2: SINGLE (Groundball, 6MD, EV 94.4 MPH)
Jonathon Walton to second
Runner from 2nd tries for 3rd, OUT! 8-5
Elijah Hunter to second
Batting: RHB Masaru Konno 0-0: Ball
Elijah Hunter steals 3rd base
1-0: Called Strike
1-1: Swinging Strike
1-2: Fly out, F7 (Flyball, 7S, EV 90.0 MPH)
Batting: LHB Chris Williams 0-0: Foul Ball, location: 2F
0-1: Ball
1-1: Ball
2-1: Foul Ball, location: 2F
2-2: Ball
3-2: Ground out U3 (Groundball, 3L, EV 88.1 MPH)
Bottom of the 5th over - 0 runs, 1 hit, 0 errors, 1 left on base; Vanderbilt University 3 - University of Toronto 5
TOP OF THE 6TH
Vanderbilt University Commodores batting - Pitching for University of Toronto Marlies : RHP Tony Cortez
Batting: RHB Jonathan Mendoza 0-0: Ball
1-0: Called Strike
1-1: Ball
2-1: Ball
3-1: Swinging Strike
3-2: Base on Balls
Batting: LHB Jeremy Robertson 0-0: Called Strike
0-1: Foul Ball, location: 2F
0-2: Ball
1-2: Grounds into double play, 5-4-3 (Groundball, 5, EV 90.6 MPH)
Batting: RHB Mario Lopez 0-0: Swinging Strike
0-1: Ball
1-1: Fly out, F8 (Flyball, 8RXD, EV 90.0 MPH)
Top of the 6th over - 0 runs, 0 hits, 0 errors, 0 left on base; Vanderbilt University 3 - University of Toronto 5
BOTTOM OF THE 6TH
University of Toronto Marlies batting - Pitching for Vanderbilt University Commodores : RHP Eric Schafer
Batting: RHB Jose Argueta 0-0: Ball
1-0: Swinging Strike
1-1: Ball
2-1: Swinging Strike
2-2: Ball
3-2: Strikes out swinging
Batting: SHB Jim Lloyd 0-0: Ball
1-0: Foul Ball, location: 2F
1-1: Fly out, F7 (Line Drive, 7, EV 95.0 MPH)
Batting: RHB Steve Terres 0-0: Ground out 6-3 (Groundball, P, EV 86.9 MPH)
Bottom of the 6th over - 0 runs, 0 hits, 0 errors, 0 left on base; Vanderbilt University 3 - University of Toronto 5
TOP OF THE 7TH
Vanderbilt University Commodores batting - Pitching for University of Toronto Marlies : RHP Tony Cortez
Pitching: RHP Edwin Martinez
Now in CF: Marshall Daul
Batting: RHB Chris Bohm 0-0: Called Strike
0-1: Foul Ball, location: 2F
0-2: Ball
1-2: Strikes out swinging
Pinch Hitting: LHB Karel Hort 0-0: Swinging Strike
0-1: Ball
1-1: Ball
2-1: Ground out U3 (Groundball, 3, EV 84.4 MPH)
Pinch Hitting: LHB Jose Rodriguez 0-0: Called Strike
0-1: Swinging Strike
0-2: Ball
1-2: Foul Ball, location: 2F
1-2: Strikes out looking
Top of the 7th over - 0 runs, 0 hits, 0 errors, 0 left on base; Vanderbilt University 3 - University of Toronto 5
BOTTOM OF THE 7TH
University of Toronto Marlies batting - Pitching for Vanderbilt University Commodores : RHP Eric Schafer
Pitching: RHP Frank Medrano
Now at 1B: Karel Hort
Now at SS: Alex Cardenas
Batting: RHB Leo Gutierrez 0-0: Ground out U3 (Groundball, 34S, EV 78.1 MPH)
Pinch Hitting: SHB Jason Todd 0-0: Called Strike
0-1: Ball
1-1: Ball
2-1: Fly out, F9 (Flyball, 89XD, EV 87.5 MPH)
Pinch Hitting: RHB Francisco Marin 0-0: Foul Ball, location: 2F
0-1: Ball
1-1: Ball
2-1: Ball
3-1: Foul Ball, location: 2F
3-2: Strikes out swinging
Bottom of the 7th over - 0 runs, 0 hits, 0 errors, 0 left on base; Vanderbilt University 3 - University of Toronto 5
TOP OF THE 8TH
Vanderbilt University Commodores batting - Pitching for University of Toronto Marlies : RHP Edwin Martinez
Now at 1B: Fernão Manta
Now at 3B: Dan Allred
Pinch Hitting: RHB Jose Esparza 0-0: Called Strike
0-1: Foul Ball, location: 2F
0-2: Strikes out looking
Pinch Hitting: RHB Gustavo Diaz 0-0: Fly out, F9 (Flyball, 89S, EV 93.8 MPH)
Batting: RHB Chris Maul 0-0: Ball
1-0: Foul Ball, location: 2F
1-1: Ball
2-1: Ball
3-1: Base on Balls
Batting: LHB Alberto Carrillo 0-0: Called Strike
0-1: Ball
1-1: Ball
2-1: Ground out 5-3 (Groundball, 56S, EV 74.4 MPH)
Top of the 8th over - 0 runs, 0 hits, 0 errors, 1 left on base; Vanderbilt University 3 - University of Toronto 5
BOTTOM OF THE 8TH
University of Toronto Marlies batting - Pitching for Vanderbilt University Commodores : RHP Frank Medrano
Now in LF: Gustavo Diaz
Now in RF: Jose Esparza
Batting: RHB Elijah Hunter 0-0: Called Strike
0-1: Foul Ball, location: 2F
0-2: Ball
1-2: Ball
2-2: Strikes out swinging
Batting: RHB Masaru Konno 0-0: Swinging Strike
0-1: Reached on error, E4 (Flyball, 34D, EV 85.0 MPH)
Batting: LHB Marshall Daul 0-0: Swinging Strike
0-1: Called Strike
0-2: Ball
1-2: Strikes out swinging
Masaru Konno steals 2nd base
Batter strikes out.
Batting: RHB Jose Argueta 0-0: Swinging Strike
0-1: Ball
1-1: Swinging Strike
1-2: Ball
2-2: Ball
3-2: Foul Ball, location: 2F
3-2: Base on Balls
Batting: SHB Jim Lloyd 0-0: Swinging Strike
0-1: Ball
1-1: Fielders Choice at 2nd, U6 (Groundball, 6M, EV 80.0 MPH)
Bottom of the 8th over - 0 runs, 0 hits, 1 error, 2 left on base; Vanderbilt University 3 - University of Toronto 5
TOP OF THE 9TH
Vanderbilt University Commodores batting - Pitching for University of Toronto Marlies : RHP Edwin Martinez
Pitching: RHP Jeremy Brown
Batting: LHB Jeremy Robertson 0-0: Fly out, F4 (Popup, 34S, EV 78.1 MPH)
Pitching: RHP Dicky Goedhart
Pinch Hitting: SHB Jake Hayes 0-0: Called Strike
0-1: Called Strike
0-2: Strikes out swinging
Batting: RHB Chris Bohm 0-0: Called Strike
0-1: Swinging Strike
0-2: Ball
1-2: Strikes out swinging
Top of the 9th over - 0 runs, 0 hits, 0 errors, 0 left on base; Vanderbilt University 3 - University of Toronto 5
Thursday, March 31st , 2022 - OOTP Baseball 22.12 Build 89